Map: Lightshade LE

Players

JennieKim - Winner!

  • Race: Terran Terran
  • League: Master
  • Spawn Location: 11:00

MANRE

  • Race: Protoss Protoss
  • League: Diamond
  • Spawn Location: 5:00

VOD

Have the link to the VOD?

Description

Time

  • Played on: March 20, 2021, 6:09 a.m.
  • Length: 10:01
Show
View Real Time Build Order
Export as new Build Order

JennieKim Terran - Winner!

Build Orders: Mech 

Get SALT Encoding   

  12  0:00  SCV  
  13  0:12  SCV  
  14  0:17  Supply Depot  
  14  0:24  SCV  
  14  0:27  Refinery  
  15  0:38  SCV  
  16  0:44  Barracks  
  16  0:50  SCV  
  17  1:03  SCV  
  18  1:15  SCV  
  19  1:33  Barracks Tech Lab  
  19  1:35  Orbital Command  
  19  1:36  Supply Depot  
  19  1:53  Marauder, Concussive Shells  
  21  2:01  SCV  
  21  2:07  Command Center  
  22  2:14  Marauder  
  24  2:22  SCV  
  25  2:29  Factory  
  25  2:33  Refinery  
  25  2:34  SCV  
  26  2:38  Marauder  
  28  2:46  SCV  
  29  2:53  Engineering Bay  
  29  2:58  SCV  
  30  3:11  SCV  
  31  3:17  Starport  
  31  3:23  Cyclone  
  31  3:24  SCV  
  31  3:25  Orbital Command  
  35  3:30  Refinery  
  35  3:34  Barracks Tech Lab  
  35  3:37  Missile Turret  
  35  3:40  Missile Turret  
  35  3:41  SCV  
  36  3:52  SCV  
  36  3:53  SCV  
  38  4:04  SCV  
  38  4:05  SCV  
  38  4:06  Cloaking Field  
  38  4:07  Refinery, Banshee  
  46  4:17  Siege Tank  
  46  4:21  Supply Depot  
  46  4:23  Supply Depot  
  46  4:41  Barracks Reactor  
  46  4:43  Factory, SCV x2  
  46  4:45  Supply Depot  
  48  4:54  Raven  
  48  4:55  SCV x2  
  52  5:06  Siege Tank  
  55  5:07  SCV  
  55  5:10  SCV  
  55  5:12  Supply Depot  
  57  5:23  Factory, SCV x2  
  59  5:35  SCV x2  
  61  5:41  Barracks Tech Lab  
  61  5:43  Hellion x2  
  61  5:45  Banshee  
  68  5:52  Siege Tank  
  71  5:57  Supply Depot  
  71  6:02  SCV x2  
  70  6:08  Hellion x2  
  74  6:14  Supply Depot  
  74  6:20  Siege Tank  
  74  6:24  Supply Depot  
  77  6:29  Banshee  
  77  6:31  Armory  
  77  6:32  Siege Tank  
  83  6:38  Hellion x2  
  87  6:40  Supply Depot  
  87  6:52  Siege Tank  
  90  6:59  Supply Depot, Hellion x2  
  94  7:04  Siege Tank  
  97  7:12  Banshee  
  100  7:23  Supply Depot  
  100  7:24  Siege Tank  
  100  7:26  Starport  
  105  7:30  Hellion x2, Terran Vehicle Weapons Level 1  
  105  7:31  Armory  
  105  7:43  Siege Tank  
  108  7:48  Supply Depot x2  
  99  8:11  Siege Tank  
  99  8:12  Banshee  
  101  8:13  Hellion  
  101  8:14  Hellion  
  105  8:21  Starport Tech Lab, Siege Tank  
  100  8:43  Siege Tank  
  87  8:54  Siege Tank  
  63  9:15  Siege Tank  
  59  9:26  Siege Tank  
  59  9:27  Hellion x2, SCV  
  59  9:28  SCV  
  74  9:39  SCV  
Show
View Real Time Build Order
Export as new Build Order

MANRE Protoss 

Build Orders: 1 Gate Expand, Dark Templar Rush 

Get SALT Encoding   

  12  0:00  Probe  
  13  0:12  Probe  
  14  0:17  Pylon  
  14  0:24  Probe (Chrono Boost)  
  15  0:36  Probe (Chrono Boost)  
  15  0:37  Gateway  
  16  0:44  Probe (Chrono Boost)  
  16  0:48  Assimilator  
  17  0:51  Probe  
  18  1:03  Probe  
  19  1:15  Probe  
  20  1:24  Nexus  
  20  1:33  Cybernetics Core  
  20  1:37  Probe  
  21  1:44  Assimilator  
  21  1:49  Probe  
  21  1:51  Pylon  
  22  2:01  Probe  
  23  2:07  Stalker (Chrono Boost)  
  23  2:11  Warp Gate  
  23  2:14  Probe  
  25  2:33  Twilight Council  
  25  2:34  Shield Battery, Probe (Chrono Boost)  
  26  2:38  Probe (Chrono Boost)  
  28  2:46  Probe (Chrono Boost)  
  28  2:47  Stalker  
  28  2:48  Probe (Chrono Boost)  
  31  2:52  Probe (Chrono Boost)  
  31  2:53  Probe  
  33  3:03  Probe  
  33  3:05  Probe  
  35  3:14  Dark Shrine  
  35  3:17  Probe x2  
  37  3:26  Pylon  
  37  3:29  Probe  
  37  3:30  Probe, Robotics Facility  
  39  3:41  Pylon  
  39  3:44  Probe x2  
  41  3:50  Gateway  
  41  3:54  Gateway  
  41  3:57  Charge  
  41  4:00  Sentry  
  41  4:02  Probe x2  
  45  4:06  Shield Battery  
  45  4:08  Pylon  
  45  4:14  Assimilator  
  45  4:15  Probe x2  
  47  4:24  Assimilator  
  47  4:26  Dark Templar  
  47  4:27  Probe  
  47  4:28  Probe  
  51  4:37  Pylon  
  51  4:44  Probe x2  
  51  4:45  Dark Templar  
  55  4:53  Immortal (Chrono Boost)  
  55  4:57  Pylon  
  59  5:00  Gateway  
  59  5:05  Dark Templar  
  59  5:13  Shadow Stride (Chrono Boost)  
  59  5:18  Probe x2  
  61  5:24  Stalker x2  
  65  5:31  Observer (Chrono Boost)  
  64  5:42  Stalker  
  62  6:04  Stalker x3  
  68  6:12  Nexus  
  68  6:13  Pylon  
  68  6:14  Zealot  
  70  6:27  Forge, Probe x2 (Chrono Boost), Pylon  
  72  6:34  Pylon  
  72  6:35  Probe x2 (Chrono Boost)  
  72  6:39  Sentry  
  76  6:40  Shield Battery  
  76  6:45  Stalker x2  
  80  6:54  Probe x2  
  80  6:55  Shield Battery  
  82  7:04  Blink (Chrono Boost), Protoss Ground Weapons Level 1  
  82  7:08  Probe x2  
  84  7:17  Stalker x3  
  84  7:20  Probe  
  90  7:29  Zealot  
  90  7:43  Stalker x2  
  90  7:44  Stalker  
  94  7:45  Probe x2  
  94  7:46  Probe  
  94  7:47  Immortal  
  81  8:12  Dark Templar x2  
  81  8:13  Dark Templar x2  
  89  8:25  Nexus  
  89  8:26  Pylon  
  87  8:28  Pylon  
  87  8:40  Immortal (Chrono Boost)  
  81  8:48  Zealot x4  
  61  9:11  Stalker x3  
  61  9:12  Observer (Chrono Boost)  
  58  9:30  Dark Templar  
  60  9:37  Stalker x2  
Tags
 
Composition
Mech
Matchup
PvT
Spawn Locations
Cross Positions
Add a new tag
Caveats
  • Supply blocks, unpowered buildings, or Contaminate may cause inaccurate times.
  • Supply counts are checked every 10 seconds.